 Dungeon Crawl Stone Soup version 0.23.2-1-ga50397a6bc (webtiles) character file.

Game seed: 11800728447177914308

102 Andrea the Slasher (level 5, 0/42 HPs)
             Began as a Human Fighter on May 5, 2019.
             Slain by an orc (2 damage)
             ... on level 3 of the Dungeon.
             The game lasted 00:02:15 (2180 turns).

Andrea the Slasher (Human Fighter)                  Turns: 2180, Time: 00:02:15

Health: 0/42       AC:  6    Str: 17    XL:     5   Next: 5%
Magic:  5/5        EV:  7    Int:  8    God:
Gold:   137        SH:  9    Dex: 13    Spells: 4/4 levels left

rFire    . . .     SeeInvis .   a - +0 long sword
rCold    . . .     Gourm    .   c - +0 shield
rNeg     . . .     Faith    .   b - +0 scale mail
rPois    .         Spirit   .   (no helmet)
rElec    .         Reflect  .   (no cloak)
rCorr    .         Harm     .   (no gloves)
MR       .....                  (no boots)
Stlth    ..........             (no amulet)
HPRegen  0.14/turn              (no ring)
MPRegen  0.09/turn              (no ring)

@: no status effects
A: no striking features
a: no special abilities


You were on level 3 of the Dungeon.
You were hungry.

You visited 1 branch of the dungeon, and saw 3 of its levels.

You collected 137 gold pieces.

Inventory:

Hand Weapons
 a - a +0 long sword (weapon)
Missiles
 t - 10 poisoned needles
Armour
 b - a +0 scale mail (worn)
 c - a +0 shield (worn)
Jewellery
 p - a +2 amulet of reflection {unknown}
 r - an uncursed amulet of faith {unknown}
Scrolls
 e - a scroll of teleportation {unknown}
 g - a scroll of blinking {unknown}
 h - a scroll of remove curse {unknown}
 i - 7 scrolls of identify {unknown}
 q - a scroll of random uselessness {unknown}
 s - 2 scrolls of enchant weapon {unknown}
Potions
 d - a potion of might
 j - a potion of lignification {unknown}
 k - 2 potions of haste {unknown}
 l - a potion of resistance {unknown}
 m - a potion of agility {unknown}
 n - a potion of mutation {unknown}
 o - a potion of ambrosia {unknown}
Comestibles
 f - 3 rations
 u - 2 chunks of flesh


   Skills:
 + Level 3.8 Fighting
 * Level 4.1 Long Blades
 - Level 3.0 Armour
 - Level 3.0 Shields


You had 4 spell levels left.
You didn't know any spells.
Your spell library was empty.

Dungeon Overview and Level Annotations

Branches:
Dungeon (3/15)

Altars:


Message History

You closely miss the orc priest.
The orc priest is almost dead.
You block the orc priest's attack. The orc hits you but does no damage. x2
Unknown command.
You hit the orc priest but do no damage.
The orc priest is almost dead.
You block the orc priest's attack. The orc hits you but does no damage.
The orc barely misses you. You block the orc priest's attack.
Unknown command.
You barely miss the orc priest.
The orc priest is almost dead.
You block the orc's attack. The orc closely misses you.
The orc priest hits you with a +0 dagger.
* * * LOW HITPOINT WARNING * * *
Unknown command.
You hit the orc priest but do no damage.
The orc priest is almost dead.
You are feeling hungry.
The orc hits you.
You die...

....................#
............(†.....##
..........(†.......#
.............#######
...........÷.#####
.................#
.......ol.l......#
...###o##.#.....####
.#.###@##l#........####
.......oo..#............
..#..#....#####)....####
## #....#####.....#
#....#.........#
...(..#.........#
##)....#.....#####
#.....#.....#
....###.....#


You could see an orc priest, 3 orcs and a frilled lizard.

Vanquished Creatures
  5 adders
  A worm (D:2)
  A dart slug (D:1)
  An orc (D:3)
  7 bats
  3 giant cockroaches (D:1)
  8 goblins
  2 hobgoblins
  5 jackals
  2 quokkas
  3 frilled lizards
  8 kobolds
  5 rats
51 creatures vanquished.

Notes
Turn   | Place    | Note
-------+----------+-------------------------------------------
     0 | D:1      | Andrea the Human Fighter began the quest for the Orb.
     0 | D:1      | Reached XP level 1. HP: 18/18 MP: 1/1
   104 | D:1      | Reached XP level 2. HP: 15/24 MP: 2/2
   550 | D:1      | Reached XP level 3. HP: 24/29 MP: 3/3
   558 | D:1      | Reached skill level 3 in Long Blades
  1059 | D:2      | Reached XP level 4. HP: 27/35 MP: 4/4
  2077 | D:3      | Reached skill level 4 in Long Blades
  2134 | D:3      | Reached XP level 5. HP: 38/42 MP: 5/5
  2179 | D:3      | HP: 2/42 [orc priest/+0 dagger (2)]
  2180 | D:3      | Slain by an orc

Skill      XL: |  1  2  3  4 |
---------------+-------------+-----
Long Blades    | 3 4 |  4.1
Fighting       | |  3.8
Armour         | |  3.0
Shields        | |  3.0

Action                   |  1- 3 |  4- 6 || total
-------------------------+-------+-------++-------
Melee: Long sword        |    78 |   124 ||   202
  Eat: Chunk             |     1 |     3 ||     4
Armor: Scale mail        |    37 |    78 ||   115
Dodge: Dodged            |    25 |    41 ||    66
Block: Shield            |    42 |    79 ||   121
       Rpst.: Long sword |     5 |     9 ||    14
